Unix NetHack Version 3.7.0-71 Work-in-progress - last build Jan 31 2023 02:41:03 (7ba98a1283f2b7cec35fde026edb48fc825ab8ae,branch:master). Game began 2023-01-31 21:39:21, ended 2023-01-31 22:05:14. Kontroller, lawful male human Knight ------------- ------------ -------- |...........| |...........#####|...<..| ################# ####............| |..........| #|......-########### ########### ### |...........| |..........| #|......| ############# # ### ------------- |..........| #|......| # ## |..........-# #---.---- ##### # ## |..........|### ###### # ua########## --------.--- # # # # # # # # # ### ###### # # # # # # )# # % #### # # ### # # # --.-----------# ##### # |............+# #### # |..........^.| ################# |>...........-################# -------------- Kontroller the Esquire St:16 Dx:9 Co:13 In:9 Wi:15 Ch:17 Lawful S:1592 Dlvl:7 $:80 HP:0(44) Pw:31(31) AC:2 Xp:5/303 T:3547 Ride Latest messages: You feel healthy. You miss the violet fungus. You miss the violet fungus. You miss the violet fungus. You miss the violet fungus. You hit the violet fungus. You hit the violet fungus! You miss the violet fungus. You miss the violet fungus. You kill the violet fungus! You see here a brass lantern. H - a brass lantern. You find a hidden passage. You already found a monster. Use 'm' prefix to force another search. You already found a monster. Use 'm' prefix to force another search. You miss the kobold zombie. You destroy the kobold zombie! You see here a kobold corpse. You find a hidden door. You see here a kobold corpse. You hit the quivering blob. You hit the quivering blob. You hit the quivering blob. You miss the quivering blob. You miss the quivering blob. You hit the quivering blob! You hit the quivering blob. You hear a strange wind. You miss the quivering blob. You miss the quivering blob. You miss the quivering blob. You miss the quivering blob. You hit the quivering blob. You hit the quivering blob! You kill the quivering blob! You hit the soldier ant! The soldier ant bites! The soldier ant stings! The soldier ant bites! The soldier ant stings! You miss the soldier ant. The soldier ant misses! The soldier ant stings! You miss the soldier ant. You hit the soldier ant. The soldier ant bites! The soldier ant stings! You die... Do you want your possessions identified? [ynq] (y) y Do you want to see your attributes? [ynq] (y) q Inventory: Coins $ - 80 gold pieces Weapons a - a thoroughly rusty +1 long sword (weapon in hand) o - a +0 glaive v - a +0 halberd Armor d - an uncursed +0 helmet (being worn) f - an uncursed +0 pair of leather gloves (being worn) E - an uncursed +0 banded mail (being worn) Comestibles h - 8 uncursed carrots k - an uncursed eucalyptus leaf Scrolls x - an uncursed scroll of destroy armor g - an uncursed scroll of gold detection j - an uncursed scroll of identify A - an uncursed scroll of light n - an uncursed scroll of teleportation Potions z - an uncursed potion of gain energy I - a cursed potion of hallucination l - an uncursed potion of speed Rings s - a cursed ring of polymorph control Wands t - a wand of speed monster (0:4) Tools i - an uncursed tooled horn H - an uncursed brass lantern B - an uncursed skeleton key Gems/Stones q - an uncursed worthless piece of white glass Kontroller the Knight's attributes: Background: You were an Esquire, a level 5 male human Knight. You were lawful, on a mission for Lugh who was opposed by Brigit (neutral) and Manannan Mac Lir (chaotic). You were in the Dungeons of Doom, on level 7. You entered the dungeon 3547 turns ago. It was nighttime. You had 303 experience points, 17 more were needed to attain level 6. Your score was 1592 before end-of-game adjustments. Basics: You had 0 out of 44 hit points. You had all 31 energy points (spell power). Your armor class was 2. Your wallet contained 80 zorkmids. Autopickup was off. Final Characteristics: Your strength was 16 (limit:18/100). Your dexterity was 9 (limit:18). Your constitution was 13 (limit:18). Your intelligence was 9 (limit:18). Your wisdom was 15 (limit:18). Your charisma was 17 (limit:18). Final Status: You were riding your pony. You were not hungry. You were unencumbered. You were wielding a long sword. You had basic skill with long sword. Final Attributes: You were piously aligned. You were poison resistant. You could jump. You were warded. You were fast. You are dead. Miscellaneous: You never encountered a bones level. Total elapsed playing time was 24 minutes and 42 seconds. Major events: Turn 1: Kontroller the lawful male human Knight entered the dungeon 1063: attained the rank of Esquire (level 3) 1599: entered the Gnomish Mines 3547: killed by a soldier ant Vanquished creatures: a quivering blob a rope golem a rock mole a yellow light a violet fungus a ghoul 7 giant ants a floating eye 2 rothes 2 centipedes a giant bat 2 orc zombies a killer bee 2 acid blobs a hobbit a large kobold a green mold a red mold 3 garter snakes a gnome zombie 3 geckos 5 jackals a fox 2 kobolds a goblin 2 sewer rats 5 grid bugs a bat 3 lichens 2 kobold zombies 6 newts 63 creatures vanquished. No species were genocided or became extinct. Voluntary challenges: You read items or engraved 4 times. You never engraved Elbereth. You never genocided any monsters. You never polymorphed an object. You never changed form. You used no wishes. Achievements: You attained the rank of Esquire. You entered the Gnomish Mines. The Dungeons of Doom: levels 1 to 7 Level 1: Some fountains. Level 2: Level 3: Level 4: A sink. Stairs down to The Gnomish Mines. Level 5: An altar to Lugh. Level 6: Some altars. Level 7: <- You were here. Final resting place for you, killed by a soldier ant. The Gnomish Mines: Level 5: Game over: ---------- / \ / REST \ / IN \ / PEACE \ / \ | Kontroller | | 80 Au | | killed by a | | soldier ant | | | | | | 2023 | *| * * * | * _________)/\\_//(\/(/\)/\//\/|_)_______ Fare thee well Kontroller the Knight... You died in The Dungeons of Doom on dungeon level 7 with 1584 points, and 80 pieces of gold, after 3547 moves. You were level 5 with a maximum of 44 hit points when you died.